 Dungeon Crawl Stone Soup version 0.28-a0-793-g31680bbd8b (webtiles) character file.

Game seed: 9204173897500118831

8855 siradein the Demonic Disaster (level 11, 0/87 HPs)
             Began as a Demonspawn Fighter on Nov 4, 2021.
             Was a Believer of Qazlal.
             Slain by Erica (5 damage)
             ... on level 10 of the Dungeon.
             The game lasted 00:38:18 (11287 turns).

siradein the Demonic Disaster (Demonspawn Fighter) Turns: 11287, Time: 00:38:19

Health: 0/87       AC: 11    Str: 18    XL:     11   Next: 15%
Magic:  18/18      EV: 13    Int:  9    God:    Qazlal [**....]
Gold:   375        SH:  9    Dex: 15    Spells: 10/10 levels left

rFire   . . .      SeeInvis .   o - +1 trident (venom)
rCold   . . .      Faith    +   c - +0 buckler
rNeg    . . .      Spirit   .   E - +0 troll leather armour
rPois   .          Reflect  .   (helmet restricted)
rElec   .          Harm     .   n - +2 cloak
rCorr   .          Rampage  .   m - +1 pair of gloves
Will    .....                   (no boots)
Stlth   +.........              C - amulet of faith
HPRegen 1.24/turn               H - ring of wizardry
MPRegen 0.16/turn               (no ring)

@: mighty, lethally poisoned (0 -> 0)
A: horns 2, repulsion field 1, spiny 2, demonic magic 3
a: Renounce Religion, Upheaval


You were on level 10 of the Dungeon.
You worshipped Qazlal.
Qazlal was pleased with you.
You visited 2 branches of the dungeon, and saw 11 of its levels.

You collected 511 gold pieces.
You spent 136 gold pieces at shops.

Inventory:

Hand Weapons
 o - a +1 trident of venom (weapon)
Missiles
 h - 4 curare-tipped darts
 w - 33 poisoned darts (quivered)
 x - 3 boomerangs of dispersal
 A - 3 atropa-tipped darts
Armour
 c - a +0 buckler (worn)
 m - a +1 pair of gloves (worn)
 n - a +2 cloak (worn)
 E - a +0 troll leather armour (worn)
Jewellery
 a - a ring of ice
 u - a ring of ice
 C - an amulet of faith (around neck)
 H - a ring of wizardry (left hand)
Wands
 z - a wand of acid (7)
 D - a wand of paralysis (7)
 G - a wand of polymorph (7)
Scrolls
 f - a scroll of amnesia
 i - 2 scrolls of enchant weapon
 j - a scroll of silence
 k - 5 scrolls of teleportation
 s - 2 scrolls of fear
 t - a scroll of immolation
 v - 2 scrolls of blinking
 y - 2 scrolls of identify
 F - a scroll of summoning {unknown}
Potions
 b - a potion of ambrosia
 d - a potion of might
 e - 2 potions of flight
 g - 2 potions of invisibility {unknown}
 l - a potion of haste {unknown}
 p - 2 potions of attraction {unknown}
 q - 2 potions of heal wounds {unknown}
 r - 2 potions of curing {unknown}
 B - 2 potions of resistance {unknown}


   Skills:
 + Level 8.4 Fighting
 + Level 7.3 Polearms
 + Level 7.6 Armour
 + Level 0.6 Dodging
 + Level 7.7 Shields
 + Level 10.0 Invocations
 + Level 1.1 Evocations


You had 10 spell levels left.
You didn't know any spells.
Your spell library contained the following spells:

 Spells                   Type           Power      Damage    Failure   Level
 Magic Dart               Conj           0%         1d3       19%         1
 Pain                     Necr           0%         1d4       19%         1
 Summon Small Mammal      Summ           0%         N/A       19%         1
 Call Imp                 Summ           0%         N/A       26%         2
 Searing Ray              Conj           0%         2d4       26%         2
 Gell's Gravitas          Tloc           0%         N/A       45%         3
 Teleport Other           Tloc           0%         N/A       45%         3
 Fulminant Prism          Conj/Hex       0%         3d6       86%         4
 Petrify                  Tmut/Erth      0%         N/A       86%         4
 Summon Lightning Spire   Summ/Air       0%         N/A       86%         4
 Agony                    Necr           0%         N/A       99%         5
 Excruciating Wounds      Necr           0%         N/A       99%         5
 Metabolic Englaciation   Hex/Ice        0%         N/A       99%         5
 Death Channel            Necr           0%         N/A       100%        6
 Dispersal                Tloc           0%         N/A       100%        6
 Statue Form              Tmut/Erth      0%         N/A       100%        6


Dungeon Overview and Level Annotations

Branches:
Dungeon (10/15)            Temple (1/1) D:7            Lair (0/6) D:9
    Orc (0/2) D:10

Altars:
Ashenzari
Cheibriados
Dithmenos
Elyvilon
Fedhas
Gozag
Hepliaklqana
Kikubaaqudgha
Makhleb
Nemelex Xobeh
Okawaru
Qazlal
Ru
Sif Muna
Trog
Uskayaw
Vehumet
Wu Jian
Xom
Yredelemnul
Zin
The Shining One
Beogh

Shops:
D:4 (

Annotations:
D:10 Erica


Innate Abilities, Weirdness & Mutations

You have a pair of horns on your head.
You are surrounded by a mild repulsion field. (EV +2)
You are mostly covered in sharp spines.
Spells you cast and wands you use may paralyse nearby enemies.


Message History

You hear some strange, mumbled words.
A bolt of poison appears from out of thin air!
The bolt of poison hits you!!
You are poisoned.
You're too confused to move!
You feel very sick. Something barely misses you.
You bump into the rock wall.
You feel less confused.
You feel sick. You block something's attack.
You feel sick.
You hear some strange, mumbled words.
Something tries to affect you, but you resist.
Reach: o) +1 trident (venom)
Press: ? - help, Dir - move target, f - you That would be overly suicidal.
Okay, then.
Reach: o) +1 trident (venom)
Press: ? - help, Dir - move target You reach to attack!
You barely miss something.
You feel sick.
You feel sick.
You hear some strange, mumbled words.
A bolt of poison appears from out of thin air!
The bolt of poison hits you!!
You are more poisoned.
* * * LOW HITPOINT WARNING * * *
You feel very sick.
You feel very mighty all of a sudden.
You feel very sick.
You impale something!!
You feel sick. You block something's attack.
You closely miss something.
You feel sick. Something hits you.
* * * LOW HITPOINT WARNING * * *
Something burns you.
* * * LOW HITPOINT WARNING * * *
You miss something.
You feel sick. Something hits you.
* * * LOW HITPOINT WARNING * * *
Something burns you.
* * * LOW HITPOINT WARNING * * *
You hit something.
You feel sick. Something hits you.
You die...

#.....# ##†#### #..#
##.# #####'#### #
##### #........# #
+...###........# #
###..##........# #
#######.@{..'........#
+
#.....#..####........#
# #.....8..#
#........+ #
#.....'..# #........#
#..⌠..8.## #####..###
#.....#.# ####.###
#.....#.# #......#
#>._.8#.# #......#
#.....#.# ###.<....#


There were no monsters in sight!

Vanquished Creatures
  Fannar (D:10)
  A boulder beetle (D:10)
  A two-headed ogre (D:9)
  An orc knight (D:10)
  Joseph (D:10)
  2 trolls
  Grinder (D:5)
  Sigmund (D:5)
  2 wyverns
  13 yaks
  A steam dragon (D:9)
  A sky beast (D:8)
  5 orc warriors
  2 black bears
  3 necrophages
  An ogre (D:6)
  A phantom (D:5)
  3 centaurs
  Blork the orc (D:5)
  3 kobold brigands
  2 bullfrogs (D:8)
  A wyvern zombie (D:4)
  A gnoll sergeant (D:10)
  2 scorpions (D:5)
  4 killer bees (D:9)
  4 howler monkeys (D:7)
  3 centaur zombies
  2 hounds (D:4)
  6 orc priests
  A jelly (D:5)
  2 centaur skeletons (D:4)
  3 iguanas
  6 orc wizards
  4 gnolls (D:10)
  5 adders
  2 shadow imps
  A white imp (D:6)
  An adder skeleton (D:4)
  2 worms
  A dart slug (D:2)
  45 orcs
  4 bats
  7 endoplasms
  4 giant cockroaches
  9 goblins
  8 hobgoblins
  6 jackals (D:2)
  16 kobolds
  7 quokkas
  6 ball pythons
  3 frilled lizards (D:2)
  5 rats
218 creatures vanquished.

Notes
Turn   | Place    | Note
-------+----------+-------------------------------------------
     0 | D:1      | siradein the Demonspawn Fighter began the quest for the
                  | Orb.
     0 | D:1      | Reached XP level 1. HP: 18/18 MP: 1/1
   434 | D:1      | Gained mutation: You are surrounded by a mild repulsion
                  | field. (EV +2) [demonic ancestry]
   434 | D:1      | Reached XP level 2. HP: 24/24 MP: 2/2
   463 | D:1      | Found a faded altar of an unknown god.
   983 | D:2      | Reached skill level 1 in Invocations
  1375 | D:2      | Reached XP level 3. HP: 21/29 MP: 3/3
  2205 | D:2      | Gained mutation: You are partially covered in sharp spines.
                  | [demonic ancestry]
  2205 | D:2      | Reached XP level 4. HP: 27/27 MP: 5/5
  2468 | D:3      | Found a bloodstained altar of Trog.
  2783 | D:3      | Found a sparkling altar of Nemelex Xobeh.
  2786 | D:3      | Found a radiant altar of Vehumet.
  3028 | D:3      | Reached skill level 2 in Invocations
  3703 | D:4      | Gained mutation: Spells you cast may paralyse adjacent
                  | enemies. [demonic ancestry]
  3703 | D:4      | Reached XP level 5. HP: 10/42 MP: 6/6
  4002 | D:4      | Found Komoce's Antique Weapon Shoppe.
  4016 | D:4      | Bought a runed trident for 136 gold pieces
  4136 | D:4      | Reached skill level 3 in Invocations
  4202 | D:4      | Noticed a black bear
  4206 | D:4      | Killed a black bear
  4207 | D:4      | Gained mutation: You have a pair of small horns on your
                  | head. [demonic ancestry]
  4207 | D:4      | Reached XP level 6. HP: 48/48 MP: 8/8
  4611 | D:5      | Entered Level 5 of the Dungeon
  4611 | D:5      | Noticed Blork the orc
  4625 | D:5      | Killed Blork the orc
  4901 | D:5      | Noticed Grinder
  4910 | D:5      | Paralysed by Grinder for 7 turns
  4922 | D:5      | Killed Grinder
  4923 | D:5      | Reached skill level 4 in Invocations
  4923 | D:5      | Reached XP level 7. HP: 44/55 MP: 8/10
  5335 | D:5      | Noticed Sigmund
  5340 | D:5      | Killed Sigmund
  5341 | D:5      | Reached skill level 5 in Fighting
  5341 | D:5      | Reached skill level 5 in Invocations
  5359 | D:5      | Gained mutation: You have a pair of horns on your head.
                  | [demonic ancestry]
  5359 | D:5      | Reached XP level 8. HP: 62/62 MP: 11/11
  5846 | D:5      | Reached skill level 5 in Armour
  5846 | D:5      | Reached skill level 5 in Shields
  6106 | D:6      | Reached skill level 6 in Invocations
  6869 | D:7      | Found a staircase to the Ecumenical Temple.
  6877 | Temple   | Entered the Ecumenical Temple
  7042 | Temple   | Became a worshipper of Qazlal Stormbringer
  7107 | D:7      | Reached skill level 5 in Polearms
  7107 | D:7      | Gained mutation: You are mostly covered in sharp spines.
                  | [demonic ancestry]
  7107 | D:7      | Reached XP level 9. HP: 69/69 MP: 13/13
  8340 | D:8      | Reached skill level 7 in Invocations
  8555 | D:8      | Reached * piety under Qazlal
  8888 | D:8      | Reached skill level 8 in Invocations
  9237 | D:9      | Gained mutation: Spells you cast may paralyse nearby
                  | enemies. [demonic ancestry]
  9237 | D:9      | Reached XP level 10. HP: 72/79 MP: 16/16
  9400 | D:9      | Reached ** piety under Qazlal
  9460 | D:9      | Got Kacioxefo's Incunabulum of Supportive Evil Rituals
  9798 | D:9      | Noticed a two-headed ogre
  9825 | D:9      | Killed a two-headed ogre
 10239 | D:9      | Found a staircase to the Lair.
 10387 | D:9      | Reached skill level 9 in Invocations
 10701 | D:10     | Entered Level 10 of the Dungeon
 10701 | D:10     | Noticed Fannar
 10719 | D:10     | Killed Fannar
 10774 | D:10     | Found a hazy altar of Hepliaklqana.
 10890 | D:10     | Noticed a boulder beetle
 10901 | D:10     | Killed a boulder beetle
 10998 | D:10     | Noticed Joseph
 11027 | D:10     | Gained mutation: Spells you cast and wands you use may
                  | paralyse nearby enemies. [demonic ancestry]
 11027 | D:10     | Reached XP level 11. HP: 86/86 MP: 18/18
 11042 | D:10     | Killed Joseph
 11117 | D:10     | Noticed an orc knight
 11160 | D:10     | Killed an orc knight
 11161 | D:10     | Reached skill level 10 in Invocations
 11213 | D:10     | Reached skill level 1 in Evocations
 11214 | D:10     | Reached *** piety under Qazlal
 11215 | D:10     | Found a staircase to the Orcish Mines.
 11256 | D:10     | Noticed Erica
 11287 | D:10     | Slain by Erica

Illustrated notes

Levels and vault maps discovered:
D:1:      sevenhm_arrival_forest_fort_small_6, layout_basic,
          shapermc_ecumenical_altar_totnotflames, minmay_split_cup_large
D:2:      layout_basic, hangedman_decor_peaks_small
D:3:      layout_loops_corners, minitemple, mainiacjoe_overflow_boulevard,
          st_stairs_13, minivault_27
D:4:      layout_basic, serial_shops, shop_statue
D:5:      layout_basic, uniq_blork_the_orc, uniq_sigmund, uniq_grinder
D:6:      layout_loops_ring
D:7:      layout_layer_cave, minmay_temple_entry_large_hall, nrook_pool_corridor
D:8:      layout_rooms
D:9:      layout_basic, dpeg_oklobed_lair
D:10:     layout_roguey, mainiacjoe_overflow_tiny_flanked, david_orc_5,
          uniq_erica, uniq_fannar, uniq_joseph, uniq_maggie
Temple:   regret_index_temple_mists

Skill      XL: |  1  2  3  4  5  6  7  8  9 10 11 |
---------------+----------------------------------+-----
Polearms       | 2 3 4 5 6 7 |  7.3
Invocations    | 1 2 3 4 5 6 8 9 10 | 10.0
Armour         | 3 4 5 6 7 |  7.6
Shields        | 3 4 5 6 7 |  7.7
Fighting       | 4 5 6 7 8 |  8.4
Evocations     | 1 |  1.1
Dodging        | |  0.6

Action                   |  1- 3 |  4- 6 |  7- 9 | 10-12 || total
-------------------------+-------+-------+-------+-------++-------
Melee: Trident           |   166 |   110 |   243 |   191 ||   710
       Headbutt          |       |    10 |    43 |    35 ||    88
  Use: Scroll            |       |     4 |     7 |     1 ||    12
       Potion            |       |     1 |       |     1 ||     2
Armor: Scale mail        |    54 |    39 |       |       ||    93
       Chain mail        |       |     8 |    37 |       ||    45
       Plate armour      |       |       |    50 |    20 ||    70
       Troll leather arm |       |       |       |     9 ||     9
Dodge: Dodged            |    68 |    48 |    61 |    38 ||   215
Block: Buckler           |    23 |    19 |    47 |    66 ||   155

Table legend: (Time is in decaauts)
 A = Elapsed time spent in this place.
 B = Non-inter-level travel time spent in this place.
 C = Inter-level travel time spent in this place.
 D = Time resting spent in this place.
 E = Time spent auto-exploring this place.
 F = Levels seen in this place.
 G = Mean time per level.
                   A        B        C        D        E       F      G
               +--------+--------+--------+--------+--------+-----+--------+
         Total |  11409 |  11063 |    346 |    596 |   8687 |  11 | 1037.2 |
       Dungeon |  11161 |  10858 |    303 |    596 |   8533 |  10 | 1116.1 |
        Temple |    247 |    205 |     42 |      0 |    154 |   1 |  247.0 |
               +--------+--------+--------+--------+--------+-----+--------+

Top non-repeatable levels by time:
     D:9: 1494 daAuts
     D:7: 1426 daAuts
     D:2: 1416 daAuts
     D:5: 1388 daAuts
     D:3: 1306 daAuts
     D:1: 987 daAuts
     D:4: 953 daAuts
     D:6: 879 daAuts
     D:8: 752 daAuts
    D:10: 555 daAuts
  Temple: 247 daAuts
